 Dungeon Sprint DCSS version 0.29-a0-1027-gcd8c55af63 (webtiles) character file.

Game seed: 4088174748462182397

3334 mhtbhm the Imperceptible (level 9, -2/46 HPs)
             Began as a Spriggan Brigand on Aug 12, 2022.
             Was an Elder of Dithmenos.
             Slain by Duvessa
             ... wielding a +2 great sword of freezing
              (31 damage)
             ... in the Dungeon (Sprint III: "The Ten Rune Challenge").
             The game lasted 00:04:41 (1828 turns).

mhtbhm the Imperceptible (Spriggan Brigand)         Turns: 1828, Time: 00:04:42

Health: -2/46      AC:  3    Str:  7    XL:     9   Next: 72%
Magic:  16/16      EV: 19    Int: 12    God:    Dithmenos [****..]
Gold:   16         SH:  0    Dex: 21    Spells: 8/8 levels left

rFire   . . .      SeeInvis +   a - +2 dagger
rCold   . . .      Faith    .   (no shield)
rNeg    . . .      Spirit   .   b - +0 robe
rPois   .          Reflect  .   (helmet restricted)
rElec   .          Harm     .   c - +0 cloak
rCorr   .          Rampage  .   (gloves unavailable)
Will    +....      NoTele   +   (boots unavailable) Stlth ****++++++
                                (no amulet)
HPRegen 0.15/turn               (no ring)
MPRegen 0.15/turn               (no ring)

@: wreathed by umbra, very quick
A: very small, no large weapons, unfitting armour, see invisible, speed 3
a: Renounce Religion, Shadow Step


You were in the Dungeon.
You worshipped Dithmenos.
Dithmenos was greatly pleased with you.
You visited 1 branch You collected 16 gold pieces.

Inventory:

Hand Weapons
 a - a +2 dagger (weapon)
Missiles
 d - 2 poisoned darts (quivered)
Armour
 b - a +0 robe (worn)
 c - a +0 cloak (worn)
Wands
 s - a wand of polymorph (6)
Scrolls
 m - a scroll of poison {unknown}
 n - 3 scrolls of identify
 q - a scroll of immolation {unknown}
Potions
 f - a potion of curing
 g - a potion of heal wounds
 h - a potion of haste
 i - 2 potions of magic
 j - 2 potions of berserk rage
 o - 2 potions of brilliance {unknown}
 p - 2 potions of flight
 r - 4 potions of mutation
 t - a potion of might
Miscellaneous
 u - a tin of tremorstones (inert)


   Skills:
 + Level 4.8 Fighting
 + Level 6.2 Short Blades
 + Level 9.5 Throwing
 + Level 3.4 Dodging
 + Level 25.1 Stealth
 * Level 9.0 Invocations


You had 8 spell levels left.
You didn't know any spells.
Your spell library contained the following spells:

 Spells                   Type           Power      Damage    Failure   Level
 Magic Dart               Conj           0%         1d3       32%         1
 Call Imp                 Summ           0%         N/A       45%         2
 Sublimation of Blood     Necr           0%         N/A       45%         2
 Wereblood                Tmut           0%         N/A       45%         2
 Mephitic Cloud           Conj/Pois/Air  0%         N/A       69%         3
 Summon Hydra             Summ           0%         N/A       100%        7


Dungeon Overview and Level Annotations

Branches:
Dungeon (1/1)

Altars:
Cheibriados
Dithmenos
Elyvilon
Fedhas
Gozag
Hepliaklqana
Kikubaaqudgha
Makhleb
Nemelex Xobeh
Okawaru
Qazlal
Ru
Sif Muna
Trog
Uskayaw
Vehumet
Wu Jian
Xom
Yredelemnul
Zin
The Shining One
Jiyva
Lugonu

Annotations:
D Duvessa


Innate Abilities, Weirdness & Mutations

You are very small and have problems with some larger weapons.
You are too small for most types of armour.
You have supernaturally acute eyesight. (SInv)
You cover ground extremely quickly. (Speed+++)


Message History

Okay, then.
Throw: 3 darts (poison)
Press: ? - help, Q - select action, (/) - cycle Shift-Dir - straight line, f/p - Dowan
Aim: Dowan the river rat (moderately wounded, umbra, 65% to hit)
You throw a poisoned dart. The poisoned dart hits Dowan!!
Dowan is poisoned.
Dowan is moderately wounded.
Dowan bites you.
You barely miss Dowan.
Dowan is moderately wounded.
Duvessa completely misses you.
You hit Dowan.
Dowan is severely wounded.
Dowan misses you. Duvessa misses you.
You hit Dowan but do no damage.
Dowan is severely wounded.
Dowan completely misses you.
You hit Dowan but do no damage.
Dowan is severely wounded.
Duvessa closely misses you.
You closely miss Dowan.
Dowan is severely wounded.
Your shadow hits Dowan but does no damage.
Dowan barely misses you. Duvessa completely misses you.
You barely miss Dowan.
Dowan is severely wounded.
Dowan bites you.
You hit Dowan but do no damage.
Dowan is severely wounded.
Duvessa is no longer blind.
Duvessa hits you with a +2 great sword of freezing.
Duvessa freezes you.
You hit Dowan.
You kill Dowan!
Dithmenos accepts your kill.
Duvessa screams in rage.
Duvessa goes berserk!
Dowan returns to his original shape as he dies.
Duvessa hits you with a +2 great sword of freezing!!
Ouch! That really hurt!
You die...

## .# .# '#
.#+#####################
.#....#)#)#)....#......+
.##.#.)#.##.###.#......#
.'##.#.#.##.#).##......#
.#...#..#..##.)'@^.....#
▓▓▓▓▓▓▓▓▓▓▓▓▓▓▓#e.)..^.#
~........~F~...#...^.^^#
≈≈≈≈≈≈≈≈≈≈≈♣♣..+....^..#
♣♣♣♣♣♣♣♣♣♣♣♣♣..#^^(^..^#
♣♣♣##(###### #.(. #(.(
#...


You could see Duvessa (berserk).

Vanquished Creatures
  Erolcha (D)
  A deep elf pyromancer (D)
  A shadow (D)
  2 redbacks (D)
  A spatial vortex (D)
  3 wandering mushrooms (D)
  5 two-headed ogres (D)
  A necrophage (D)
  A water elemental (D)
  A jelly (D)
  Crazy Yiuf (D)
  A wizard (D)
  A necromancer (D)
  A kobold demonologist (D)
  3 humans (D)
  A river rat (D)
  An endoplasm (D)
  3 rats (D)
  A ballistomycete spore (D)
30 creatures vanquished.

Vanquished Creatures (others)
  9 plants (D)
9 creatures vanquished.

Grand Total: 39 creatures vanquished

Notes
Turn   | Place    | Note
-------+----------+-------------------------------------------
     0 | D        | mhtbhm the Spriggan Brigand began the quest for the Orb.
     0 | D        | Reached XP level 1. HP: 10/10 MP: 2/2
     6 | D        | Reached skill level 6 in Stealth
    18 | D        | Reached skill level 7 in Stealth
    53 | D        | Reached skill level 9 in Stealth
    53 | D        | Reached XP level 2. HP: 15/15 MP: 3/3
    95 | D        | Noticed Crazy Yiuf
   101 | D        | Killed Crazy Yiuf
   102 | D        | Reached skill level 10 in Stealth
   102 | D        | Reached XP level 3. HP: 19/19 MP: 4/4
   148 | D        | Noticed a water elemental
   151 | D        | Killed a water elemental
   152 | D        | Reached skill level 12 in Stealth
   152 | D        | Reached XP level 4. HP: 23/23 MP: 5/5
   162 | D        | Found a shadowy altar of Dithmenos.
   162 | D        | Noticed a necrophage
   163 | D        | Found a basalt altar of Yredelemnul.
   163 | D        | Found a sacrificial altar of Ru.
   165 | D        | Reached skill level 13 in Stealth
   165 | D        | Killed a necrophage
   166 | D        | Reached skill level 5 in Throwing
   166 | D        | Reached skill level 14 in Stealth
   166 | D        | Reached XP level 5. HP: 28/28 MP: 6/6
   171 | D        | Became a worshipper of Dithmenos the Shadowed
   188 | D        | Found a radiant altar of Vehumet.
   189 | D        | Found a shimmering blue altar of Sif Muna.
   189 | D        | Found an ancient bone altar of Kikubaaqudgha.
   191 | D        | Reached skill level 15 in Stealth
   191 | D        | Reached skill level 1 in Invocations
   205 | D        | Found a glowing silver altar of Zin.
   206 | D        | Found a glowing golden altar of the Shining One.
   206 | D        | Found a white marble altar of Elyvilon.
   206 | D        | Noticed a deep elf pyromancer
   208 | D        | Killed a deep elf pyromancer
   208 | D        | Reached * piety under Dithmenos
   209 | D        | Reached skill level 5 in Short Blades
   209 | D        | Reached skill level 18 in Stealth
   209 | D        | Reached skill level 5 in Invocations
   209 | D        | Reached XP level 6. HP: 33/33 MP: 7/10
   209 | D        | Reached XP level 7. HP: 37/37 MP: 7/11
   246 | D        | Found a hide-covered altar of Uskayaw.
   246 | D        | Found an iron altar of Okawaru.
   247 | D        | Found a bloodstained altar of Trog.
   247 | D        | Found an ornate altar of the Wu Jian Council.
   247 | D        | Noticed a human
   247 | D        | Noticed a human
   249 | D        | Killed a human
   250 | D        | Reached skill level 19 in Stealth
   250 | D        | Killed a human
   251 | D        | Reached skill level 20 in Stealth
   266 | D        | Noticed a shadow
   268 | D        | Killed a shadow
   268 | D        | Reached ** piety under Dithmenos
   269 | D        | Reached XP level 8. HP: 42/42 MP: 13/13
   274 | D        | Found a blossoming altar of Fedhas.
   274 | D        | Found a stormy altar of Qazlal.
   275 | D        | Found a snail-covered altar of Cheibriados.
   275 | D        | Found a burning altar of Makhleb.
   275 | D        | Found a hazy altar of Hepliaklqana.
   275 | D        | Found a shimmering altar of Xom.
   275 | D        | Found an opulent altar of Gozag.
   275 | D        | Found a sparkling altar of Nemelex Xobeh.
   275 | D        | Found a corrupted altar of Lugonu.
   275 | D        | Found a viscous altar of Jiyva.
   278 | D        | Reached skill level 21 in Stealth
   300 | D        | Reached *** piety under Dithmenos
   314 | D        | Noticed a two-headed ogre
   317 | D        | Killed a two-headed ogre
   318 | D        | Reached skill level 22 in Stealth
   321 | D        | Noticed a two-headed ogre
   321 | D        | Noticed Erolcha
   323 | D        | Killed Erolcha
   324 | D        | Reached skill level 23 in Stealth
   324 | D        | Reached XP level 9. HP: 46/46 MP: 14/16
   324 | D        | Killed a two-headed ogre
   324 | D        | Reached **** piety under Dithmenos
   325 | D        | Reached skill level 24 in Stealth
   351 | D        | Noticed a wandering mushroom
   425 | D        | Noticed a wandering mushroom
   427 | D        | Noticed a wandering mushroom
  1110 | D        | Killed a wandering mushroom
  1111 | D        | Reached skill level 25 in Stealth
  1116 | D        | Noticed a cane toad
  1116 | D        | Noticed a komodo dragon
  1116 | D        | Noticed a cane toad
  1321 | D        | Noticed Dowan
  1324 | D        | Noticed Duvessa
  1814 | D        | Noticed Dowan
  1814 | D        | Dowan changed into Dowan the river rat
  1828 | D        | Killed Dowan the river rat
  1828 | D        | Slain by Duvessa

Illustrated notes

Levels and vault maps discovered:
D:        dungeon_sprint_mu [sprint_mu_entry_forest, sprint_mu_temple_rooms,
          sprint_mu_d1_spiders, sprint_mu_d2_genie, sprint_mu_d3_branching,
          sprint_mu_orc_legion, sprint_mu_elf_gauntlet, sprint_mu_hive_nellie,
          sprint_mu_lair_fedhas, sprint_mu_vaults_butterflies,
          sprint_mu_slime_circle, sprint_mu_swamp_cave, sprint_mu_snake_twists,
          sprint_mu_blade_basic, sprint_mu_crypt_chambers,
          sprint_mu_tomb_spiral, sprint_mu_vestibule_basic,
          sprint_mu_gehenna_hellfire, sprint_mu_dis_giant,
          sprint_mu_tartarus_statrot, sprint_mu_cocytus_islands, sprint_mu_zot1]

Skill      XL: |  1  2  3  4  5  6  7  8  9 |
---------------+----------------------------+-----
Stealth        | 9 10 12 14 18 20 23 25 | 25.1
Fighting       | 2 3 4 |  4.8
Short Blades   | 3 4 5 6 |  6.2
Throwing       | 3 4 5 7 9 |  9.5
Invocations    | 5 6 8 9 |  9.0
Dodging        | 2 3 |  3.4

Action                   |  1- 3 |  4- 6 |  7- 9 || total
-------------------------+-------+-------+-------++-------
Melee: Dagger            |     9 |     5 |    64 ||    78
       Punch             |       |       |     2 ||     2
Throw: Dart              |    14 |       |    24 ||    38
Invok: Shadow Step       |       |       |     1 ||     1
Evoke: Tin of tremorston |       |       |     2 ||     2
       Wand              |       |       |     1 ||     1
  Use: Scroll            |       |       |     1 ||     1
       Potion            |       |       |     1 ||     1
 Stab: Sleeping          |     2 |     5 |    15 ||    22
Armor: Robe              |       |       |     2 ||     2
Dodge: Dodged            |     3 |       |    37 ||    40

Table legend: (Time is in decaauts)
 A = Elapsed time spent in this place.
 B = Non-inter-level travel time spent in this place.
 C = Inter-level travel time spent in this place.
 D = Time resting spent in this place.
 E = Time spent auto-exploring this place.
 F = Levels seen in this place.
 G = Mean time per level.
                   A        B        C        D        E       F      G
               +--------+--------+--------+--------+--------+-----+--------+
         Total |   1663 |   1663 |      0 |   1280 |      3 |   1 | 1663.0 |
       Dungeon |   1663 |   1663 |      0 |   1280 |      3 |   1 | 1663.0 |
               +--------+--------+--------+--------+--------+-----+--------+

Top non-repeatable levels by time:
       D: 1663 daAuts
